 Dungeon Crawl Stone Soup version 0.15-a0-1729-g99b9770 (webtiles) character file.

498 Gekot the Shield-Bearer (level 7, -3/44 HPs)
             Began as a Gargoyle Fighter on June 27, 2014.
             Killed by nerve-wracking pain
             ... invoked by Grinder
              (6 damage)
             ... on Level 4 of the Dungeon.
             The game lasted 00:08:56 (3164 turns).

Gekot the Shield-Bearer (Gargoyle Fighter)          Turns: 3164, Time: 00:08:57

HP  -3/44        AC 12     Str 20      XL: 7   Next: 16%
MP   7/7         EV  7     Int  9      God:
Gold 227         SH 10     Dex 10      Spells:  0 memorised,  6 levels left

rFire  + . .     SeeInvis .     o - +0 morningstar
rCold  + . .     Clarity  .     b - +0 scale mail
rNeg   + . .     rCorr    .     c - +0 shield
rPois  +         rRot     +     (no helmet)
rElec  +         Spirit   .     (no cloak)
SustAb .         Warding  .     (no gloves)
rMut   .         Stasis   .     (no boots)
Gourm  .                        (no amulet)
MR     .....                    (no ring)
                                (no ring)

@: resistant (expiring), very slightly contaminated, not resistant to hostile
enchantments, extremely unstealthy
A: life protection 1, electricity resistance, unbreathing, petrification
resistance, rot immunity, AC +4
a: no special abilities


You were on level 4 of the Dungeon.
You were very hungry.

You visited 1 branch of the dungeon, and saw 4 of its levels.

You collected 227 gold pieces.

Inventory:

Hand weapons
 o - a +0 morningstar (weapon)
Armour
 b - a +0 scale mail (worn)
 c - a +0 shield (worn)
Comestibles
 d - 6 bread rations
 s - a beef jerky
Scrolls
 a - a scroll of enchant armour {unknown}
 f - 3 scrolls of remove curse {unknown}
 g - 8 scrolls of identify {unknown}
 l - a scroll of fear {unknown}
 m - a scroll of immolation {unknown}
 n - a scroll of magic mapping {unknown}
 p - a scroll of random uselessness {unknown}
 r - a scroll of teleportation {unknown}
Potions
 e - a potion of brilliance {unknown}
 h - a potion of resistance
 i - a potion of heal wounds {unknown}
 j - a potion of haste
 k - 2 potions of poison
 q - a potion of degeneration {unknown}


   Skills:
 + Level 4.5 Fighting
 * Level 4.8 Maces & Flails
 + Level 4.6 Armour
 * Level 5.3 Shields


You had 6 spell levels left.
You didn't know any spells.

Dungeon Overview and Level Annotations

Branches:
Dungeon (4/15)
 Temple: D:4-7

Altars:
Gozag

Annotations:
D:4 Grinder


Innate Abilities, Weirdness & Mutations

You are resistant to torment.
You are immune to poison.
Your stone body is very resilient (AC +4).
You resist negative energy.
You are resistant to electric shocks.
You can survive without breathing.
You are immune to petrification.
You are immune to rotting.


Message History

You suddenly lose the ability to move!
You feel yourself slow down. Grinder gestures at you.
You struggle to resist.
Grinder hits you!
* * * LOW HITPOINT WARNING * * *
You can move again.
You hit Grinder.
Grinder is almost dead.
Grinder gestures.
Grinder blinks!
You start to feel less resistant.
You block Grinder's attack.
You closely miss Grinder.
Grinder is almost dead.
Grinder gestures at you. You resist with significant effort.
Grinder gestures at you. Pain shoots through your body!
You die...

#.# .### #.# ....
##.# #.. #.##
##.## #.## ###...#
#..####.....##
#..##........##
##.......##...##
#....@..###...#
##..5...####..#
###.....# ##.#
##....# #.# #
#....# #.##### ##
##.>.# #.....###.
#...## #.#.#.##..
#....#...#.#.....
##......###.###.)#


You could see Grinder.

Vanquished Creatures
  An ice beast (D:2)
  A scorpion (D:4)
  A giant frog skeleton (D:4)
  2 orc priests (D:3)
  An orc wizard (D:3)
  A hound skeleton (D:4)
  5 gnolls
  10 adders
  2 worms
  3 giant geckos
  6 orcs (D:3)
  A ball python (D:2)
  7 bats
  A bat skeleton (D:4)
  4 goblins
  10 hobgoblins
  5 giant cockroaches
  2 giant newts (D:2)
  10 jackals
  9 kobolds
  6 rats
88 creatures vanquished.

Notes
Turn   | Place    | Note
--------------------------------------------------------------
     0 | D:1      | Gekot, the Gargoyle Fighter, began the quest for the Orb.
     0 | D:1      | Reached XP level 1. HP: 14/14 MP: 1/1
    50 | D:1      | Reached XP level 2. HP: 9/19 MP: 2/2
   452 | D:1      | Reached XP level 3. HP: 23/23 MP: 3/3
   900 | D:2      | Reached XP level 4. HP: 27/29 MP: 4/4
   972 | D:2      | Noticed an ice beast
   997 | D:2      | Killed an ice beast
   997 | D:2      | Reached skill level 4 in Fighting
   997 | D:2      | Reached XP level 5. HP: 23/33 MP: 5/5
  1435 | D:3      | Found an opulent altar of Gozag.
  1570 | D:3      | Reached XP level 6. HP: 5/38 MP: 6/6
  2170 | D:3      | Reached skill level 5 in Shields
  2717 | D:4      | Reached XP level 7. HP: 44/44 MP: 7/7
  3109 | D:4      | Noticed Grinder
  3116 | D:4      | Paralysed by Grinder for 4 turns
  3136 | D:4      | Paralysed by Grinder for 4 turns
  3156 | D:4      | Paralysed by Grinder for 5 turns
  3164 | D:4      | Killed from afar by Grinder

Action                   |  1- 3 |  4- 6 |  7- 9 || total
-------------------------+-------+-------+-------++-------
Melee: Flail             |   113 |    96 |       ||   209
       Morningstar       |       |   117 |    33 ||   150
  Use: Potion            |       |     3 |     2 ||     5
